 Dungeon Crawl Stone Soup version 0.28.0-43-g3370ac3207 (webtiles) character file.

Game seed: 15185402525864957801

53 zeratav the Insei (level 3, -5/23 HPs)
             Began as an Octopode Transmuter on Apr 1, 2022.
             Slain by a phantom (6 damage)
             ... on level 3 of the Dungeon.
             The game lasted 00:07:44 (3011 turns).

zeratav the Insei (Octopode Transmuter)             Turns: 3011, Time: 00:07:44

Health: -5/23      AC:  1    Str:  9    XL:     3   Next: 89%
Magic:  0/6        EV: 13    Int: 17    God:
Gold:   140        SH:  0    Dex: 12    Spells: 5/6 levels left

rFire   + . .      SeeInvis .     - Unarmed
rCold   x . .      Faith    .   (no shield)
rNeg    . . .      Spirit   +   (helmet currently unavailable)
rPois   .          Reflect  .   a - amulet of guardian spirit
rElec   .          Harm     .   h - ring of fire
rCorr   .          Rampage  .   (no ring)
Will    .....                   (no ring)
Stlth   ++........              (no ring)
HPRegen 0.07/turn               (no ring)
MPRegen 0.10/turn               (no ring)
                                (no ring)
                                (no ring)

@: appendages (expiring)
A: tentacle spike 3, almost no armour, amphibious, 8 rings, camouflage 1,
gelatinous body 1, (nimble swimmer 1), tentacles
a: End Transformation


You were on level 3 of the Dungeon.
One of your tentacles had grown a beastly spike.
You visited 1 branch of the dungeon, and saw 3 of its levels.

You collected 140 gold pieces.

Inventory:

Hand Weapons
 c - a +1 spear of freezing
 j - a +0 hunting sling
Missiles
 g - 11 stones
Jewellery
 a - an amulet of guardian spirit (around mantle)
 h - a ring of fire (left tentacle)
Scrolls
 i - a scroll of fog
Potions
 b - 2 potions of brilliance {unknown}
 d - 2 potions of might
 e - a potion of haste {unknown}
 f - a potion of curing {unknown}


   Skills:
 + Level 1.1 Fighting
 + Level 2.2 Dodging
 + Level 3.6 Unarmed Combat
 + Level 2.4 Spellcasting
 * Level 2.4 Transmutations
 * Level 1.2 Poison Magic


You had 5 spell levels left.
You knew the following spells:

 Your Spells              Type           Power      Damage    Failure   Level
a - Beastly Appendage     Tmut           20%        N/A       7%          1

Your spell library contained the following spells:

 Spells                   Type           Power      Damage    Failure   Level
 Wereblood                Tmut           10%        N/A       11%         2
 Spider Form              Tmut/Pois      8%         N/A       26%         3
 Ice Form                 Ice/Tmut       6%         N/A       75%         4


Dungeon Overview and Level Annotations

Branches:
Dungeon (3/15)

Altars:
Xom


Innate Abilities, Weirdness & Mutations

One of your tentacles has grown a beastly spike.
You cannot wear most types of armour.
You are amphibious.
You can wear up to eight rings at the same time.
Your skin changes colour to match your surroundings (Stealth+).
Your rubbery body absorbs attacks. (AC +1, EV +1)
((You are camouflaged when in or above water. (Stealth+)))
You have tentacles for arms and can constrict up to eight enemies at once.


Message History

You miss the phantom.
You pierce the phantom.
The phantom is moderately damaged.
The phantom closely misses you.
You miss the phantom.
The phantom is moderately damaged.
The phantom barely misses you.
You tentacle-slap the phantom.
Your tentacle spike misses the phantom.
The phantom is moderately damaged.
The phantom hits you.
You barely miss the phantom.
You pierce the phantom.
The phantom is heavily damaged.
The phantom hits you.
You barely miss the phantom. Your squeeze misses the phantom.
The phantom is heavily damaged.
Your transformation is almost over.
The phantom closely misses you.
You miss the phantom. Your squeeze misses the phantom.
The phantom is heavily damaged.
The phantom hits you.
The phantom blinks!
You blink. 3 gnolls come into view.
You closely miss the phantom.
You squeeze the phantom, but do no damage.
The phantom is heavily damaged.
The gnoll shouts! x2
The phantom barely misses you.
You miss the phantom.
The gnoll shouts!
Your squeeze misses the phantom.
The phantom is heavily damaged.
The phantom closely misses you.
You barely miss the phantom.
Your tentacle spike misses the phantom.
The phantom is heavily damaged.
The phantom hits you!
* * * LOW HITPOINT WARNING * * *
The phantom blinks!
You blink.
You tentacle-slap the phantom but do no damage.
You squeeze the phantom.
The phantom is heavily damaged.
The phantom hits you!
You die...

............#
..........##..###++#####
..........##.(..§......#
..........##..(§.......#
..........##...........#
..........##....(......#
..........##....g.g....#
..........##......g....#
...)......##....@......#
..........##....W......#
############...........#
###########.# #


You could see a phantom and 3 gnolls.

Vanquished Creatures
  2 adders (D:2)
  3 worms (D:2)
  2 dart slugs
  4 ball pythons
  An endoplasm (D:2)
  A giant cockroach (D:1)
  A goblin (D:2)
  2 hobgoblins
  5 kobolds
  2 bats (D:1)
  4 rats
27 creatures vanquished.

Notes
Turn   | Place    | Note
-------+----------+-------------------------------------------
     0 | D:1      | zeratav the Octopode Transmuter began the quest for the
                  | Orb.
     0 | D:1      | Reached XP level 1. HP: 13/13 MP: 3/3
   445 | D:1      | Reached XP level 2. HP: 12/18 MP: 1/5
  1354 | D:2      | Reached skill level 1 in Poison Magic
  1599 | D:2      | Reached XP level 3. HP: 16/23 MP: 3/6
  1897 | D:2      | Found a shimmering altar of Xom.
  2290 | D:2      | Found a faded altar of an unknown god.
  2959 | D:3      | Noticed a phantom
  3010 | D:3      | HP: 1/23 [phantom (6)]
  3011 | D:3      | Slain by a phantom

Illustrated notes

Levels and vault maps discovered:
D:1:      nicolae_arrival_washed_ashore, layout_loops_ring
D:2:      layout_rooms, basic_altar, shapermc_ecumenical_altar_notcrosses
D:3:      minmay_door_path, layout_basic,
          nicolae_gozag_cash_rules_everything_around_me,
          kennysheep_generic_room_12

Skill      XL: |  1  2 |
---------------+-------+-----
Poison Magic   | 1 |  1.2
Fighting       | |  1.1
Dodging        | |  2.2
Unarmed Combat | |  3.6
Spellcasting   | |  2.4
Transmutations | |  2.4

Action                   || total
-------------------------++-------
Melee: Unarmed           ||    76
       Kick              ||    20
       Constrict         ||    18
       Tentacles         ||    13
       Spear             ||     1
       Punch             ||     2
 Fire: Hunting sling     ||     3
 Cast: Beastly Appendage ||    20
  Use: Scroll            ||     3
 Stab: Sleeping          ||     1
Armor: Skin              ||     4
Dodge: Dodged            ||    40
